 Dungeon Crawl Stone Soup version 0.18-a0-960-g77c8fc5 (webtiles) character file.

3069 M4edhros the Covert (level 9, -8/53 HPs)
             Began as an Octopode Artificer on Dec 31, 2015.
             Was an Elder of Okawaru.
             Mangled by a two-headed hydra (17 damage)
             ... on level 8 of the Dungeon.
             The game lasted 00:18:03 (8525 turns).

M4edhros the Covert (Octopode Artificer)            Turns: 8525, Time: 00:18:04

Health: -8/53      AC:  1    Str: 11    XL:     9   Next: 88%
Magic:  0/14       EV: 14    Int: 17    God:    Okawaru [****..]
Gold:   395        SH:  5    Dex:  9    Spells: 0 memorised, 8 levels left

rFire  + . .     SeeInvis .     y - +4 greatsling
rCold  x . .     Gourm    .     G - +1 buckler
rNeg   . . .     Faith    .     (helmet restricted)
rPois  .         Spirit   +     x - amulet of guardian spirit
rElec  .         Dismiss  .     p - ring of sustain attributes
rCorr  .         Reflect  .     B - ring of fire
SustAt +         Harm     .     C - -3 ring of dexterity
MR     .....                    (no ring)
Stlth  ++++++....               (no ring)
                                (no ring)
                                (no ring)
                                (no ring)

@: not resistant to hostile enchantments, very stealthy
A: almost no armour, amphibious, 8 rings, constrict 8, camouflage 1, gelatinous
body 1
a: Heroism, Renounce Religion


You were on level 8 of the Dungeon.
You worshipped Okawaru.
Okawaru was greatly pleased with you.
You were hungry.

You visited 1 branch of the dungeon, and saw 8 of its levels.
You also visited: Ossuary.

You collected 395 gold pieces.

Inventory:

Hand Weapons
 a - a +0 short sword
 l - a +2 hunting sling of flaming
 y - a +4 greatsling (weapon)
 E - a +0 mace of protection
Missiles
 m - 178 stones
 r - 82 sling bullets (quivered)
Armour
 G - a +1 buckler (worn)
Jewellery
 j - an uncursed ring of magical power {unknown}
 p - a ring of sustain attributes (left tentacle)
 w - an uncursed amulet of rage
 x - an amulet of guardian spirit (around mantle)
 B - a ring of fire (right tentacle)
 C - a -3 ring of dexterity (on tentacle)
 H - an uncursed ring of fire
Wands
 b - a wand of flame (13/48)
 c - a wand of enslavement (9/24)
 d - a wand of random effects (0/48)
 J - a wand of disintegration (0/24)
Scrolls
 k - 3 scrolls of remove curse
 n - a scroll of identify
 o - 5 scrolls of teleportation
 L - 2 scrolls of immolation
Potions
 e - a potion of ambrosia {unknown}
 i - a potion of mutation {unknown}
 s - 3 potions of curing
 u - a potion of cure mutation
 v - 2 potions of haste {unknown}
 A - a potion of berserk rage
 F - a potion of might {unknown}
 I - a potion of lignification {unknown}
Comestibles
 g - 3 beef jerkies
 h - 20 fruits
 z - 7 slices of pizza


   Skills:
 - Level 1.0 Fighting
 - Level 1.0 Short Blades
 * Level 6.3 Slings
 + Level 6.1 Dodging
 * Level 10.0 Stealth
 * Level 4.9 Shields
 + Level 6.7 Evocations


You had 8 spell levels left.
You didn't know any spells.

Dungeon Overview and Level Annotations

Branches:
Dungeon (8/15)             Temple (0/1) D:6
   Lair: D:8-11

Altars:
Ashenzari
Cheibriados
Dithmenos
Gozag
Nemelex Xobeh
Okawaru
Pakellas
Sif Muna
Trog
Xom
The Shining One

Annotations:
D:4 Grinder


Innate Abilities, Weirdness & Mutations

You cannot wear most types of armour.
You are amphibious.
You can wear up to eight rings at the same time.
You can use your tentacles to constrict eight enemies at once.
Your skin changes colour to match your surroundings (Stealth).
Your rubbery body absorbs attacks (AC +1).


Message History

You are feeling hungry.
The two-headed hydra bites you. The two-headed hydra bites you!
* * * LOW HITPOINT WARNING * * *
Drink which item? (? for menu, Esc to quit)
Okay, then.
Read which item? (? for menu, Esc to quit)
Okay, then.
Drink which item? (? for menu, Esc to quit)
Okay, then.
Drink which item? (? for menu, Esc to quit)
Okay, then.
Drink which item? (? for menu, Esc to quit)
You feel better. The two-headed hydra bites you!
* * * LOW HITPOINT WARNING * * *
The two-headed hydra misses you.
Drink which item? (? for menu, Esc to quit)
You feel better. The two-headed hydra bites you!
* * * LOW HITPOINT WARNING * * *
The two-headed hydra bites you!!
You die...

######### #.@DK÷..#
#.#####.#### #.#PP≈.≈.≈.#
#.#P≈......#
######.#≈)P.....#
####......#P≈K..P..#
###....[....#.≈P.....#
#####...........#'###'''##
.....÷..........#).#.....#


You could see a two-headed hydra and a big kobold.

Vanquished Creatures
  2 yaks (D:8)
  Menkaure (D:4)
  An orc warrior (D:7)
  A necrophage (D:6)
  2 centaurs
  3 big kobolds
  A gnoll sergeant (D:7)
  6 giant frogs
  2 scorpions (D:8)
  A water moccasin skeleton (D:4)
  5 killer bees (D:8)
  2 crimson imps
  A centaur zombie (Ossuary)
  A giant frog skeleton (D:7)
  3 hounds
  A jelly (D:7)
  2 orc priests (D:5)
  4 iguanas
  3 orc wizards
  4 worker ants
  2 sheep (D:8)
  3 big kobold zombies (Ossuary)
  5 mummies (Ossuary)
  14 gnolls
  9 adders
  4 shadow imps
  An ooze (D:3)
  An adder zombie (D:6)
  An adder skeleton (D:4)
  3 worms
  10 giant geckos
  29 orcs
  7 giant cockroaches
  13 goblins
  11 hobgoblins
  11 jackals
  2 quokkas
  3 ball pythons
  8 bats
  A giant gecko skeleton (D:4)
  4 giant newts
  A goblin zombie (Ossuary)
  2 hobgoblin zombies (Ossuary)
  14 kobolds
  An orc zombie (Ossuary)
  12 rats
218 creatures vanquished.

Vanquished Creatures (collateral kills)
  An orc priest (D:5)
  An orc wizard (D:5)
  2 gnolls (D:7)
4 creatures vanquished.

Vanquished Creatures (others)
  A giant frog (D:6)
  A hound (D:7)
  An orc (D:6)
3 creatures vanquished.

Grand Total: 225 creatures vanquished

Notes
Turn   | Place    | Note
--------------------------------------------------------------
     0 | D:1      | M4edhros the Octopode Artificer began the quest for the Orb.
     0 | D:1      | Reached XP level 1. HP: 13/13 MP: 3/3
   255 | D:1      | Reached XP level 2. HP: 8/18 MP: 4/4
   522 | D:2      | Found an iron altar of Okawaru.
   553 | D:2      | Became a worshipper of Warmaster Okawaru
   604 | D:1      | Reached XP level 3. HP: 14/23 MP: 5/5
  1258 | D:2      | Reached skill level 1 in Slings
  1323 | D:2      | Reached XP level 4. HP: 28/28 MP: 6/6
  1717 | D:3      | Reached skill level 4 in Evocations
  1721 | D:3      | Reached XP level 5. HP: 22/33 MP: 6/8
  2160 | D:3      | Found a shadowy altar of Dithmenos.
  2262 | D:3      | Found a deep blue altar of Sif Muna.
  2269 | D:3      | Found an iron altar of Okawaru.
  2608 | D:4      | Found an oddly glowing altar of Pakellas.
  3013 | D:4      | Found an opulent altar of Gozag.
  3064 | D:4      | Reached XP level 6. HP: 27/38 MP: 6/9
  3276 | D:4      | Noticed Grinder
  3426 | D:4      | Reached * piety under Okawaru
  3483 | D:4      | Noticed Menkaure
  3490 | D:4      | Killed Menkaure
  3490 | D:4      | Reached skill level 5 in Stealth
  3490 | D:4      | Reached XP level 7. HP: 23/43 MP: 6/10
  3720 | D:4      | Reached ** piety under Okawaru
  3856 | D:5      | Entered Level 5 of the Dungeon
  4685 | D:5      | Reached skill level 6 in Stealth
  4855 | D:5      | Reached skill level 5 in Dodging
  5005 | D:5      | Reached skill level 5 in Evocations
  5075 | D:5      | Reached XP level 8. HP: 30/48 MP: 9/11
  5211 | D:6      | Found a staircase to the Ecumenical Temple.
  5330 | D:6      | Reached skill level 7 in Stealth
  5330 | D:6      | Reached skill level 1 in Shields
  5369 | D:6      | HP: 2/48 [centaur/arrow (13)]
  5397 | D:6      | Found a sand-covered staircase.
  5402 | Ossuary  | Entered an ossuary
  6028 | D:6      | Found a snail-covered altar of Cheibriados.
  6044 | D:6      | Reached *** piety under Okawaru
  6175 | D:6      | Reached skill level 5 in Slings
  6175 | D:6      | Reached skill level 8 in Stealth
  6269 | D:6      | Found a glowing golden altar of the Shining One.
  6273 | D:6      | Found a shimmering altar of Xom.
  6549 | D:7      | Reached XP level 9. HP: 9/53 MP: 2/13
  7238 | D:7      | Found a shattered altar of Ashenzari.
  7323 | D:7      | Found a sparkling altar of Nemelex Xobeh.
  7323 | D:7      | Found a bloodstained altar of Trog.
  7368 | D:7      | Reached skill level 9 in Stealth
  8248 | D:8      | Reached **** piety under Okawaru
  8259 | D:8      | Reached skill level 10 in Stealth
  8323 | D:8      | Noticed a two-headed hydra
  8525 | D:8      | Mangled by a two-headed hydra

Vault maps used:
D:1:      lightli_arrival_quake
D:2:      first_bread, okawaru_metal_pillars_3
D:3:      corexii_shack_village, lemuel_doored_altar, minitemple
D:4:      grunt_pakellas_salt, grunt_gozag_breadcrumbs, uniq_menkaure,
          uniq_grinder
D:6:      cheibrodos_worm_habitat, gammafunk_temple_overflow_statue,
          minmay_temple_entry_overgrown, enter_ossuary_5
D:7:      amethyst_overflow_temple_binary, kennysheep_little_box
D:8:      hangedman_ranch, dk_vineyard_3
Ossuary:  ossuary_crypta

Action                   |  1- 3 |  4- 6 |  7- 9 || total
-------------------------+-------+-------+-------++-------
Melee: Short sword       |    75 |    15 |       ||    90
       Mace              |       |       |    84 ||    84
       Hunting sling     |       |       |     2 ||     2
 Fire: Hunting sling     |    28 |   160 |   270 ||   458
       Greatsling        |       |       |   112 ||   112
Evoke: Wand              |       |     2 |    34 ||    36
  Use: Scroll            |     1 |     8 |    12 ||    21
       Potion            |       |     3 |     9 ||    12
 Stab: Sleeping          |     6 |       |     6 ||    12
  Eat: Bread ration      |       |     2 |     2 ||     4
       Pizza             |       |       |     2 ||     2
       Chunk             |       |       |     3 ||     3
